 Dungeon Crawl Stone Soup version 0.20.1-1-g8b1a95d (webtiles) character file.

207 Thjof the Magician (level 5, 23/28 HPs)
             Began as a Tengu Wizard on Oct 30, 2017.
             Was a Follower of Dithmenos.
             Quit the game on level 4 of the Dungeon.
             The game lasted 00:38:59 (3178 turns).

Thjof the Magician (Tengu Wizard)                   Turns: 3178, Time: 00:39:00

Health: 23/28      AC:  6    Str:  8    XL:     5   Next: 85%
Magic:  12/12      EV: 12    Int: 20    God:    Dithmenos [*.....]
Gold:   182        SH:  0    Dex: 13    Spells: 2/12 levels left

rFire    + . .     SeeInvis .   t - +7 morningstar of Gixuck {crush, rPois}
rCold    . . .     Gourm    .   (no shield)
rNeg     . . .     Faith    .   q - +2 leather armour {rF+}
rPois    +         Spirit   .   l - +0 hat
rElec    .         Reflect  .   (no cloak)
rCorr    .         Harm     .   u - +0 pair of gloves
MR       .....                  (boots unavailable)
Stlth    +++.......             (no amulet)
Regen    0.1/turn               d - ring of stealth
MPRegen  0.2/turn               H - +2 ring of intelligence

@: wreathed by umbra
A: beak, talons 3, able to fly 1
a: Fly, Renounce Religion


You were on level 4 of the Dungeon.
You worshipped Dithmenos.
Dithmenos was aware of your devotion.
You were not hungry.

You visited 1 branch of the dungeon, and saw 4 of its levels.

You collected 182 gold pieces.

Inventory:

Hand Weapons
 a - a +2 antimagic spear
 b - a +1 rapier
 o - a +0 giant club
 t - the +7 morningstar of Gixuck (weapon) {crush, rPois}
   (You found it on level 4 of the Dungeon)

   It inflicts extra damage upon your enemies.
   It protects you from poison.
Missiles
 h - 7 tomahawks (quivered)
 i - 135 stones
 n - 8 curare-tipped needles
 r - a throwing net
 x - 42 arrows
 C - 26 sling bullets
 G - 21 bolts
Armour
 l - a +0 hat (worn)
 q - a +2 leather armour of fire resistance (worn)
 u - a +0 pair of gloves (worn)
Jewellery
 d - a ring of stealth (left hand)
 H - a +2 ring of intelligence (right hand)
 M - an uncursed ring of protection from fire
Wands
 L - a wand of disintegration (5/24)
Scrolls
 e - a scroll of teleportation
 f - 3 scrolls of identify
 y - 2 scrolls of remove curse
 P - a scroll of blinking
Potions
 m - a potion of flight {unknown}
 p - 2 potions of mutation {unknown}
 v - a potion of invisibility {unknown}
 B - 2 potions of brilliance
Books
 c - a book of Minor Magic

   Spells                             Type                      Level
   a - Magic Dart                     Conjuration                  1
   b - Blink                          Translocation                2
   c - Call Imp                       Summoning                    2
   d - Slow                           Hexes                        2
   e - Conjure Flame                  Conjuration/Fire             3
   f - Mephitic Cloud                 Conjuration/Poison/Air       3
Comestibles
 g - 3 fruits
 j - a bread ration
 k - 2 meat rations
 s - 3 chunks of flesh


   Skills:
 + Level 0.8 Fighting
 + Level 0.9 Short Blades
 + Level 0.4 Polearms
 + Level 1.8 Armour
 + Level 3.1 Dodging
 + Level 2.9 Stealth
 + Level 4.0 Spellcasting
 + Level 1.8 Conjurations
 + Level 0.5 Hexes
 + Level 2.1 Summonings
 + Level 0.7 Translocations


You had 2 spell levels left.
You knew the following spells:

 Your Spells              Type           Power        Failure   Level  Hunger
a - Magic Dart            Conj           ##..         9%          1    None
b - Call Imp              Summ           ##......     11%         2    #......
c - Blink                 Tloc           N/A          21%         2    #......
d - Slow                  Hex            #.......     22%         2    #......
e - Mephitic Cloud        Conj/Pois/Air  #.......     38%         3    ###....


Dungeon Overview and Level Annotations

Branches:
Dungeon (4/15)
 Temple: D:4-7

Altars:
Dithmenos

Annotations:
D:4 Sigmund


Innate Abilities, Weirdness & Mutations

You have a beak for a mouth.
You have claws for feet.
You can fly.


Message History

Found a stone staircase leading down.
There is a stone staircase leading down here.
You start resting.
Your crimson imp disappears in a puff of smoke!
Magic restored.
Okay, then.
Found a steaming morningstar.
You see here a steaming morningstar.
t - a steaming morningstar Wield which item (- for none, * to show all)? (? for menu, Esc to quit)
t - the +7 morningstar of Gixuck (weapon)
{crush, rPois}
Casting: Magic Dart
Confirm with . or Enter, or press ? or * to list all spells.
You don't know that spell.
Evoke which item? (* to show all) (? for menu, Esc to quit)
Aiming: Disintegrate
Press: ? - help, Shift-Dir - straight line, f - you That would be overly suicidal.
Okay, then.
Are you sure you want to abandon this character and quit the game? (Confirm with "yes".)

............................#
............................#
............................#
........########.....##+#####
........# #.....# ####+####
#.....# #.....# #.....#
#@....# #.....# #.....#
#.....# #.....# #.....#
#.....# #.....#


There were no monsters in sight!

Vanquished Creatures
  An ogre (D:4)
  A worker ant (D:4)
  An adder (D:3)
  A dart slug (D:1)
  An orc (D:3)
  A ball python (D:1)
  4 giant cockroaches
  9 goblins
  2 hobgoblins (D:3)
  6 jackals
  8 kobolds
  6 bats
  3 frilled lizards
  A quokka skeleton (D:4)
  5 rats
50 creatures vanquished.

Vanquished Creatures (collateral kills)
  A hound (D:3)
  An orc priest (D:3)
  A hound zombie (D:3)
  A worm (D:2)
  4 orcs (D:3)
  A bat (D:3)
  2 goblins (D:1)
  3 hobgoblins (D:3)
  2 kobolds
  A frilled lizard (D:2)
17 creatures vanquished.

Grand Total: 67 creatures vanquished

Notes
Turn   | Place    | Note
-------+----------+-------------------------------------------
     0 | D:1      | Thjof the Tengu Wizard began the quest for the Orb.
     0 | D:1      | Reached XP level 1. HP: 10/10 MP: 5/5
   131 | D:1      | Reached XP level 2. HP: 13/15 MP: 0/7
   240 | D:1      | Learned a level 2 spell: Call Imp
   243 | D:1      | Learned a level 2 spell: Blink
   246 | D:1      | Learned a level 2 spell: Slow
   581 | D:1      | Reached XP level 3. HP: 18/19 MP: 1/8
  1177 | D:2      | Found a shadowy altar of Dithmenos.
  1211 | D:2      | Became a worshipper of Dithmenos the Shadowed
  2039 | D:3      | Reached XP level 4. HP: 23/24 MP: 5/10
  2397 | D:3      | Reached skill level 1 in Armour
  2397 | D:3      | Gained mutation: You can fly. [Tengu growth]
  2397 | D:3      | Reached XP level 5. HP: 19/28 MP: 3/11
  2441 | D:3      | Learned a level 3 spell: Mephitic Cloud
  2463 | D:3      | Reached * piety under Dithmenos
  3051 | D:4      | Noticed an ogre
  3052 | D:4      | Noticed Sigmund
  3081 | D:4      | Killed an ogre
  3081 | D:4      | Reached skill level 4 in Spellcasting
  3176 | D:4      | Got a steaming morningstar
  3177 | D:4      | Identified the +7 morningstar of Gixuck {crush, rPois} (You found it on level 4 of the Dungeon)
  3178 | D:4      | Quit the game

Skill      XL: |  1  2  3  4  5 |
---------------+----------------+-----
Summonings     | 2 |  2.1
Armour         | 1 |  1.8
Dodging        | 3 |  3.1
Spellcasting   | 4 |  4.0
Fighting       | |  0.8
Short Blades   | |  0.9
Polearms       | |  0.4
Stealth        | |  2.9
Conjurations   | |  1.8
Hexes          | |  0.5
Translocations | |  0.7

Action                   |  1- 3 |  4- 6 || total
-------------------------+-------+-------++-------
Melee: Unarmed           |     5 |       ||     5
       Kick              |    13 |     4 ||    17
       Peck              |     9 |     4 ||    13
       Short sword       |    17 |       ||    17
       Spear             |    11 |       ||    11
       Dagger            |    52 |       ||    52
       Rapier            |     3 |    48 ||    51
Throw: Tomahawk          |     1 |     7 ||     8
 Cast: Magic Dart        |    31 |     5 ||    36
       Call Imp          |     8 |     8 ||    16
       Slow              |     3 |    10 ||    13
       Mephitic Cloud    |       |     1 ||     1
  Use: Scroll            |     2 |     9 ||    11
 Stab: Sleeping          |     3 |     2 ||     5
       Distracted        |     1 |     1 ||     2
  Eat: Chunk             |     2 |     2 ||     4
       Bread ration      |     1 |       ||     1
Armor: Robe              |     4 |       ||     4
       Leather armour    |    19 |     8 ||    27
Dodge: Dodged            |    59 |    37 ||    96
